 Dungeon Crawl Stone Soup version 0.30.0-29-ga12c61a403 (webtiles) character file.

Game seed: 8333413279083128546

152 LustLizard the Ruffian (level 4, -10/36 HPs)
             Began as a Demigod Transmuter on June 13, 2023.
             Mangled by an ogre
             ... wielding a +0 giant club
              (14 damage)
             ... on level 4 of the Dungeon on June 14, 2023.
             The game lasted 00:04:08 (3026 turns).

LustLizard the Ruffian (Demigod Transmuter)         Turns: 3026, Time: 00:04:09

Health: -10/36     AC:  8    Str: 15    XL:     4   Next: 87%
Magic:  8/10       EV: 11    Int: 19    God:
Gold:   228        SH:  0    Dex: 14    Spells: 4/7 levels left

rFire   . .          .
                       - Unarmed
rCold   . . .        (no shield)
rNeg    . . .        r - +2 ring mail "Zeka" {Int+4}
rPois   .            (helmet currently unavailable)
rElec   .            (no cloak)
rCorr   .            i - +0 pair of gloves
SInv    .            (boots currently unavailable)
Will    .....        (no amulet)
Stlth   +            (no ring)
HPRegen 0.26/turn    (no ring)
MPRegen 0.12/turn

%: no passive effects
@: appendages, wereblooded, studying Staves
A: horns 2, talons 2, high MP 1, forlorn, divine attributes
a: End Transformation


You were on level 4 of the Dungeon.
You had temporarily grown beastly horns and talons.
You visited 1 branch of the dungeon, and saw 4 of its levels.

You collected 228 gold pieces.

Inventory:

Armour
 a - a +0 robe
 i - a +0 pair of gloves (worn)
 r - the +2 ring mail "Zeka" (worn) {Int+4}
   (You found it on level 4 of the Dungeon)

   Int:       It affects your intelligence (+4).
Scrolls
 e - a scroll of immolation {unknown}
 f - a scroll of silence {unknown}
 g - a scroll of identify {unknown}
 j - a scroll of magic mapping {unknown}
 p - 2 scrolls of fear
Potions
 b - a potion of lignification
 c - a potion of curing {unknown}
 d - 5 potions of heal wounds {unknown}
 h - 2 potions of degeneration {unknown}
 k - a potion of berserk rage {unknown}
 l - 2 potions of mutation {unknown}
 m - a potion of might {unknown}
 n - a potion of flight {unknown}
 o - a potion of attraction {unknown}
 q - a potion of magic {unknown}


   Skills:
 + Level 1.9 Fighting
 + Level 2.3 Dodging
 + Level 1.3 Stealth
 * Level 3.7 Unarmed Combat
 + Level 2.3 Spellcasting
 + Level 2.3 Transmutations


You had 4 spell levels left.
You knew the following spells:

 Your Spells              Type           Power      Damage    Failure   Level
a - Beastly Appendage     Tmut           22%        N/A       12%         1
b - Wereblood             Tmut           11%        N/A       19%         2

Your spell library contained the following spells:

 Spells                   Type           Power      Damage    Failure   Level
 Spider Form              Tmut/Pois      6%         N/A       52%         3
 Ice Form                 Ice/Tmut       6%         N/A       89%         4


Dungeon Overview and Level Annotations

Branches:
Dungeon (4/15)
 Temple: D:4-7

Shops:
D:1 [   D:3 (


Innate Abilities, Weirdness & Mutations

You have temporarily grown beastly horns and talons.
You have an increased reservoir of magic. (+10% MP)
You shall have no god before yourself.
Your divine heritage dramatically boosts your attributes as you level up.


Message History

Casting: Beastly Appendage (safe; 12% risk of failure)
Confirm with . or Enter, or press ? or * to list all spells.
Your blood is infused with primal strength.
You hit the ogre. You claw the ogre, but do no damage.
The ogre is lightly wounded.
The ogre hits you with a +0 giant club.
You hit the ogre. You claw the ogre.
The ogre is moderately wounded.
The ogre closely misses you.
You closely miss the ogre. Your headbutt misses the ogre.
The ogre is moderately wounded.
You barely miss the ogre.
The ogre is moderately wounded.
The ogre barely misses you.
You completely miss the ogre. You claw the ogre, but do no damage.
The ogre is moderately wounded.
The ogre hits you with a +0 giant club!
You barely miss the ogre. Your headbutt misses the ogre.
The ogre is moderately wounded.
You barely miss the ogre.
The ogre is moderately wounded.
The ogre hits you with a +0 giant club!
* * * LOW HITPOINT WARNING * * *
You hit the ogre.
The ogre is moderately wounded.
The ogre completely misses you.
You hit the ogre.
The ogre is moderately wounded.
You hit the ogre but do no damage.
The ogre is moderately wounded.
The ogre barely misses you.
You hit the ogre. You claw the ogre.
The ogre is severely wounded.
You hit the ogre.
The ogre is severely wounded.
The ogre barely misses you.
You hit the ogre. Your kick misses the ogre.
The ogre is almost dead.
The ogre hits you with a +0 giant club!
You die...

.........# .#
######...# .#
......>.# #
#########.######.#
#...[............#
#.#####...########
#.# #.### #.# #.#
#@# #.# #O# #.#
#.# #.# #.# #.#
#.# #.# #.# #.#
#.# #.#


You could see an ogre.

Vanquished Creatures
  2 orc wizards
  2 adders (D:3)
  A worm (D:3)
  11 orcs
  5 ball pythons
  3 bats
  9 endoplasms
  2 giant cockroaches (D:1)
  5 goblins
  6 hobgoblins
  2 jackals (D:1)
  4 quokkas
  2 frilled lizards
  7 kobolds
  4 rats
65 creatures vanquished.

Notes
Turn   | Place    | Note
-------+----------+-------------------------------------------
     0 | D:1      | LustLizard the Demigod Transmuter began the quest for the
                  | Orb.
     0 | D:1      | Reached XP level 1. HP: 15/15 MP: 5/5
   117 | D:1      | Reached skill level 1 in Fighting
   198 | D:1      | Reached XP level 2. HP: 23/23 MP: 5/7
   288 | D:1      | Reached skill level 3 in Unarmed Combat
   415 | D:1      | Found Ziyneffa's Armour Shoppe.
   502 | D:1      | You fall into a shaft and drop 1 floor!
  1186 | D:2      | Reached XP level 3. HP: 28/28 MP: 6/8
  1500 | D:2      | Learned a level 2 spell: Wereblood
  1639 | D:3      | Reached skill level 1 in Stealth
  1787 | D:3      | Reached XP level 4. HP: 15/35 MP: 9/9
  1904 | D:3      | Found Cuadghoq's Antique Weapon Shoppe.
  2908 | D:4      | Identified the +2 ring mail "Zeka" {Int+4}
  3009 | D:4      | Noticed an ogre
  3026 | D:4      | Mangled by an ogre

Illustrated notes

Levels and vault maps discovered:
D:1:      onia_arrival_mini_spirals, layout_rooms, serial_shops, shop
D:2:      layout_loops_cross, basic_altar, hellmonk_ecumenical_altar_run_dry
D:3:      layout_basic, grunt_temple_overflow_diamond, serial_shops, shop,
          st_stairs_2, grunt_ministairs_8
D:4:      layout_basic, mainiacjoe_overflow_alcove_2

Skill      XL: |  1  2  3 |
---------------+----------+-----
Fighting       | 1 |  1.9
Unarmed Combat | 3 |  3.7
Transmutations | 2 |  2.3
Dodging        | 2 |  2.3
Spellcasting   | 2 |  2.3
Stealth        | 1 |  1.3

Action                     |  1- 3 |  4- 6 || total
---------------------------+-------+-------++-------
  Melee: Unarmed           |   122 |    96 ||   218
         Kick              |    20 |    16 ||    36
         Headbutt          |    13 |     9 ||    22
         Punch             |     1 |       ||     1
   Cast: Beastly Appendage |    31 |    15 ||    46
         Wereblood         |     1 |     1 ||     2
    Use: Scroll            |     1 |     1 ||     2
   Stab: Sleeping          |     2 |     1 ||     3
 Armour: Robe              |    37 |    16 ||    53
         Ring mail         |       |     2 ||     2
  Dodge: Dodged            |    87 |    42 ||   129
